 Dungeon Crawl Stone Soup version 0.18.1-5-g4a78601 (webtiles) character file.

12736 namelastname112 the Covert (level 11, -11/92 HPs)
             Began as a Black Draconian Assassin on May 11, 2016.
             Was an Initiate of Gozag.
             Mangled by a skeletal warrior
             ... wielding a +0 flail
             ... led by a skeletal warrior
              (24 damage)
             ... on level 11 of the Dungeon.
             The game lasted 00:32:37 (17263 turns).

namelastname112 the Covert (DrAs)                  Turns: 17263, Time: 00:32:38

Health: -11/92     AC:  8    Str: 18    XL:     11   Next: 66%
Magic:  11/11      EV: 17    Int: 11    God:    Gozag
Gold:   2586       SH:  6    Dex: 20    Spells: 0 memorised, 10 levels left

rFire  . . .     SeeInvis .     D - +2 dagger (chaos)
rCold  . . .     Gourm    .     (armour unavailable)
rNeg   . . .     Faith    .     s - +0 buckler
rPois  .         Spirit   .     (helmet restricted)
rElec  +         Dismiss  .     c - +0 cloak
rCorr  .         Reflect  .     (no gloves)
SustAt .         Harm     .     (no boots)
MR     .....                    (no amulet)
Stlth  ++++......               v - +4 ring of dexterity
                                C - +4 ring of strength

@: about to teleport, not resistant to hostile enchantments, stealthy
A: breathe lightning, unfitting armour, electricity resistance, cold-blooded, AC
+7
a: Breathe Lightning, Potion Petition, Call Merchant, Bribe Branch, Renounce
Religion


You were on level 11 of the Dungeon.
You worshipped Gozag.
Gozag was noncommittal.
You were near starving.

You visited 2 branches of the dungeon, and saw 12 of its levels.
You also visited: Bailey.

You collected 2845 gold pieces.
You spent 193 gold pieces at shops.
You paid 66 gold pieces to Gozag.

Inventory:

Hand Weapons
 a - a +2 dagger
 b - a +0 blowgun
 d - a +2 dagger of draining
 D - a +2 dagger of chaos (weapon)
Missiles
 e - 7 curare-tipped needles
 x - 46 poisoned needles
 E - 9 throwing nets (quivered)
 F - 6 tomahawks
 H - 8 needles of confusion
 N - 5 needles of sleeping
Armour
 c - a +0 cloak (worn)
 s - a +0 buckler (worn)
Jewellery
 r - an uncursed ring of protection from cold
 v - a +4 ring of dexterity (right hand)
 C - a +4 ring of strength (left hand)
Wands
 g - a wand of confusion (25/48)
 h - a wand of digging (10/24)
 n - a wand of iceblast (8/15)
 y - a wand of digging (16/24)
 z - a wand of random effects (1/48)
 G - a wand of flame (28/48)
 L - a wand of iceblast (9/15)
 P - a wand of flame (13/48)
 Q - a wand of iceblast (2/15)
Scrolls
 i - a scroll of magic mapping
 k - 2 scrolls of amnesia
 o - 4 scrolls of remove curse
 p - 2 scrolls of immolation
 u - a scroll of recharging
 A - 2 scrolls of identify
Potions
 j - 3 potions of flight
 l - 4 potions of agility
 m - 2 potions of cancellation
 q - 2 potions of lignification
 w - 2 potions of brilliance
 K - a potion of berserk rage
 M - a potion of resistance
Books
 B - a book of the Sky

   Spells                             Type                      Level
   a - Summon Lightning Spire         Summoning/Air                4
   b - Airstrike                      Air                          4
   c - Silence                        Hexes/Air                    5
   d - Deflect Missiles               Charms/Air                   6
   e - Conjure Ball Lightning         Conjuration/Air              6
   f - Tornado                        Air                          9
Comestibles
 f - 3 bread rations
 J - 26 fruits


   Skills:
 + Level 7.2 Fighting
 * Level 10.1 Short Blades
 + Level 6.2 Throwing
 + Level 6.0 Dodging
 * Level 10.4 Stealth
 + Level 6.2 Shields


You had 10 spell levels left.
You didn't know any spells.

Dungeon Overview and Level Annotations

Branches:
Dungeon (11/15)            Temple (1/1) D:4            Lair (0/8) D:11
    Orc (0/2) D:9

Altars:
Ashenzari
Cheibriados
Dithmenos
Fedhas
Gozag
Kikubaaqudgha
Makhleb
Nemelex Xobeh
Okawaru
Pakellas
Qazlal
Ru
Sif Muna
Trog
Vehumet
Xom
Zin
The Shining One
Lugonu

Shops:
D:7 *   D:8 *


Innate Abilities, Weirdness & Mutations

You can breathe wild blasts of lightning.
Your glossy black scales are hard (AC +7).
Your body does not fit into most forms of armour.
You are resistant to electric shocks.
You are cold-blooded and may be slowed by cold attacks.


Message History

Okay, then.
Evoke which item? (* to show all) (? for menu, Esc to quit)
Okay, then.
Read which item? (? for menu, Esc to quit)
Okay, then.
Something hits you!
* * * LOW HITPOINT WARNING * * *
There is a stone staircase leading down, spattered with blood here.
You take 6 damage, and have 5/92 hp.
Evoke which item? (* to show all) (? for menu, Esc to quit)
Okay, then.
Drink which item? (? for menu, Esc to quit)
You feel better. You block something's attack.
You regained 8 hp, and now have 13/92 hp.
Read which item? (? for menu, Esc to quit)
As you read the scroll of teleportation, it crumbles to dust.
You feel strangely unstable. You block something's attack. Something hits you!!
You die...
Your body crumbles into a pile of gold.

....Y.zr....P...#
.#######......### .#
######## Y### ## zYY### ...
##Y..## ..... ###Y.###
##..... ###Y.### ####.......
##.$.####Y.@.......
###.YYY..>.....###
###..........# #####
###.......## ##...#
##.....## ##....## ##....#
##......## ##..##
#........## ###########.#
##.........#
##...........####..........#


You could see 4 yaks.

Vanquished Creatures
  Urug (D:10)
  A skeletal warrior (D:10)
  An unseen horror (D:8)
  2 hill giants (D:10)
  The ghost of puimuR the Basher, a novice TrWr of the Shining One (Bailey)
  An ugly thing (D:11)
  Psyche (D:9)
  4 trolls
  6 yaks (D:9)
  A wyvern (D:11)
  Menkaure (D:7)
  A water moccasin (D:7)
  4 sky beasts
  2 orc warriors
  2 black bears
  2 phantoms
  An eye of draining (D:7)
  4 centaurs
  5 ogres
  A crocodile (D:9)
  3 big kobolds
  10 gnoll sergeants
  6 giant frogs
  A wyvern zombie (D:7)
  2 scorpions
  16 killer bees
  7 howler monkeys
  A vampire bat (D:2)
  5 crimson imps
  2 centaur zombies
  A giant frog zombie (D:9)
  4 jellies
  A wasp zombie (D:7)
  8 hounds
  6 gnoll shamans (Bailey)
  4 orc priests
  3 centaur skeletons
  4 iguanas
  11 orc wizards
  Jessica (D:2)
  A giant frog skeleton (D:5)
  Ijyb (D:2)
  11 worker ants
  2 hound zombies
  2 hound skeletons
  3 worker ant zombies
  35 gnolls
  9 adders
  A river rat (D:11)
  2 shadow imps
  An ooze (D:2)
  An adder zombie (D:9)
  4 worms
  2 dart slugs (D:1)
  5 giant geckos
  35 orcs
  2 bat skeletons (D:2)
  3 bat zombies (D:2)
  4 giant cockroaches
  3 goblins
  9 hobgoblins
  24 jackals
  A quokka (D:7)
  7 bats
  2 giant gecko skeletons (D:4)
  3 giant newts
  A jackal skeleton (D:4)
  15 kobolds
  4 rats
  A butterfly (D:4)
332 creatures vanquished.

Vanquished Creatures (collateral kills)
  An orc (D:7)
1 creature vanquished.

Vanquished Creatures (others)
  A hill giant (D:10)
  51 fungi (D:11)
  58 plants (D:11)
110 creatures vanquished.

Grand Total: 443 creatures vanquished

Notes
Turn   | Place    | Note
--------------------------------------------------------------
     0 | D:1      | namelastname112 the Draconian Assassin began the quest for the Orb.
     0 | D:1      | Reached XP level 1. HP: 17/17 MP: 1/1
    30 | D:1      | Reached skill level 1 in Dodging
   201 | D:1      | Reached XP level 2. HP: 24/24 MP: 2/2
   310 | D:1      | Reached XP level 3. HP: 28/30 MP: 3/3
   458 | D:2      | Noticed Jessica
   481 | D:2      | Killed Jessica
   884 | D:2      | Reached XP level 4. HP: 37/37 MP: 4/4
   997 | D:2      | Noticed Ijyb
  1011 | D:2      | Killed Ijyb
  1224 | D:2      | Found an ancient bone altar of Kikubaaqudgha.
  1258 | D:2      | Reached XP level 5. HP: 30/44 MP: 5/5
  1361 | D:2      | barb4r1an: лол
  1408 | D:2      | barb4r1an: что этоза место?
  1408 | D:2      | namelastname112: алтарь кику там
  1457 | D:3      | Found a sparkling altar of Nemelex Xobeh.
  1459 | D:3      | Found a snail-covered altar of Cheibriados.
  1759 | D:3      | Found a radiant altar of Vehumet.
  1976 | D:3      | Found a burning altar of Makhleb.
  1978 | D:3      | Found a glowing silver altar of Zin.
  1978 | D:3      | Noticed a blizzard demon
  1978 | D:3      | Noticed an angel
  2404 | D:3      | Found a sacrificial altar of Ru.
  2450 | D:4      | Found a staircase to the Ecumenical Temple.
  2457 | Temple   | Entered the Ecumenical Temple
  2470 | Temple   | Became a worshipper of Gozag Ym Sagoz the Greedy
  2930 | D:3      | Reached skill level 5 in Stealth
  2930 | D:3      | Reached XP level 6. HP: 10/51 MP: 6/6
  3271 | D:4      | barb4r1an: Гуль с гозагом играбелен?
  3289 | D:4      | namelastname112: нет
  3289 | D:4      | namelastname112: ты ебанешься
  3934 | D:3      | Your scales start taking on a glossy black colour.
  3934 | D:3      | Reached XP level 7. HP: 34/57 MP: 7/7
  3934 | D:3      | Gained mutation: You are resistant to electric shocks. [Black Draconian growth]
  4179 | D:5      | Entered Level 5 of the Dungeon
  4191 | D:5      | Reached skill level 1 in Shields
  4496 | D:5      | Found a blossoming altar of Fedhas.
  4805 | D:5      | Found a shattered altar of Ashenzari.
  4819 | D:6      | Reached skill level 5 in Short Blades
  4872 | D:6      | Reached XP level 8. HP: 62/66 MP: 8/8
  6208 | D:7      | Noticed Menkaure
  6542 | D:7      | Found an iron altar of Okawaru.
  6571 | D:7      | Reached XP level 9. HP: 53/73 MP: 9/9
  6838 | D:7      | Found Vos Vomn's Assorted Antiques.
  6858 | D:7      | Bought a scroll labeled NUWUVA IJOHU for 27 gold pieces
  6858 | D:7      | Bought a scroll labeled UPNEZY OBI for 27 gold pieces
  6858 | D:7      | Bought a scroll labeled CUNANTUJEPH for 27 gold pieces
  6858 | D:7      | Bought a scroll labeled RABLUR AHYSEL for 27 gold pieces
  6858 | D:7      | Bought a scroll labeled KISE KUOTHOGH for 27 gold pieces
  6908 | D:7      | Reached skill level 5 in Fighting
  7105 | D:7      | jacquesderrida: Так!
  7189 | D:7      | jacquesderrida: Мемы где?!
  8167 | D:7      | Killed Menkaure
  8371 | D:7      | Found a bloodstained altar of Trog.
  8454 | D:7      | Found a deep blue altar of Sif Muna.
  8784 | D:8      | Found Azeajeh's Assorted Antiques.
  8792 | D:8      | Bought an inky potion for 27 gold pieces
  8833 | D:8      | Found a glowing golden altar of the Shining One.
  9409 | D:8      | Bought a scroll labeled DAUMUZYFIMM for 31 gold pieces
  9505 | D:9      | Found a flagged portal.
  9514 | Bailey   | Entered a bailey
  9614 | Bailey   | Noticed puimuR's ghost (novice TrWr)
  9668 | Bailey   | Killed puimuR's ghost
  9668 | Bailey   | Reached XP level 10. HP: 34/82 MP: 10/10
  9999 | Bailey   | Reached skill level 5 in Throwing
 11440 | D:8      | Reached skill level 5 in Dodging
 11982 | D:9      | Reached skill level 5 in Shields
 12296 | D:8      | Killed an unseen horror
 13077 | D:9      | Found a staircase to the Orcish Mines.
 13158 | D:9      | Noticed Psyche
 14134 | D:9      | Reached XP level 11. HP: 25/91 MP: 11/11
 14175 | D:9      | Killed Psyche
 14638 | D:9      | Found an oddly glowing altar of Pakellas.
 14701 | D:10     | Entered Level 10 of the Dungeon
 14715 | D:10     | Noticed a hill giant
 14901 | D:10     | Noticed a hill giant
 14903 | D:10     | Noticed Urug
 15224 | D:10     | Noticed a hill giant
 15256 | D:10     | Banished a hill giant
 15264 | D:10     | Killed a hill giant
 15330 | D:10     | Killed a hill giant
 15731 | D:10     | Killed Urug
 15731 | D:10     | Reached skill level 10 in Stealth
 16183 | D:11     | Noticed a skeletal warrior
 16184 | D:11     | Noticed a skeletal warrior
 16186 | D:11     | Noticed a skeletal warrior
 16187 | D:11     | Noticed a skeletal warrior
 16225 | D:10     | Killed a skeletal warrior
 16626 | D:11     | Reached skill level 10 in Short Blades
 16713 | D:11     | Noticed a green ugly thing
 17075 | D:11     | Killed a green ugly thing
 17155 | D:11     | Found a staircase to the Lair.
 17263 | D:11     | Mangled by a skeletal warrior

Skill      XL: |  1  2  3  4  5  6  7  8  9 10 11 |
---------------+----------------------------------+-----
Dodging        | 1 2 3 4 5 6 |  6.0
Throwing       | 2 3 4 5 6 |  6.2
Stealth        | 4 5 6 7 8 9 10 | 10.4
Short Blades   | 3 4 5 6 7 9 10 | 10.1
Fighting       | 3 4 5 6 7 |  7.2
Shields        | 2 3 4 5 6 |  6.2

Action                   |  1- 3 |  4- 6 |  7- 9 | 10-12 || total
-------------------------+-------+-------+-------+-------++-------
Melee: Dagger            |    87 |   334 |   680 |   706 ||  1807
       Tailslap          |    10 |    61 |   156 |   167 ||   394
       Unarmed           |       |    11 |       |       ||    11
 Fire: Blowgun           |       |    44 |    49 |    71 ||   164
Throw: Tomahawk          |       |       |       |    28 ||    28
       Throwing net      |       |       |       |     8 ||     8
 Abil: Breathe Lightning |       |       |     7 |    25 ||    32
Evoke: Wand              |       |       |     6 |    14 ||    20
  Use: Potion            |       |     4 |     3 |     8 ||    15
       Scroll            |       |       |    20 |     2 ||    22
 Stab: Sleeping          |     4 |     6 |    12 |     3 ||    25
       Distracted        |       |       |     3 |     3 ||     6
       Invisible         |       |       |     2 |       ||     2
       Petrifying        |       |       |       |     4 ||     4
       Confused          |       |       |       |     2 ||     2
       Held in net/web   |       |       |       |     2 ||     2
       Paralysed         |       |       |       |     2 ||     2
  Eat: Chunk             |       |     5 |       |       ||     5
       Meat ration       |       |     1 |     1 |     1 ||     3
       Royal jelly       |       |     1 |       |       ||     1
       Beef jerky        |       |       |     5 |     1 ||     6
       Bread ration      |       |       |     1 |     4 ||     5
       Pizza             |       |       |       |     2 ||     2
       Fruit             |       |       |       |     1 ||     1
Armor: Skin              |    17 |   158 |   158 |   118 ||   451
Dodge: Dodged            |    41 |   291 |   341 |   412 ||  1085
Block: Buckler           |       |    17 |   142 |   154 ||   313
